 Dungeon Crawl Stone Soup version 0.30-b1-2-g02819fbbbe (webtiles) character file.

Game seed: 11890863340271094804

298 Flugkiller the Conjurer (level 6, 0/56 HPs)
             Began as a Naga Reaver on May 17, 2023.
             Slain by an iguana (8 damage)
             ... on level 4 of the Dungeon.
             The game lasted 00:03:15 (2333 turns).

Flugkiller the Conjurer (Naga Reaver)               Turns: 2333, Time: 00:03:16

Health: 0/56       AC:  5    Str: 15    XL:     6   Next: 36%
Magic:  1/11       EV:  9    Int: 15    God:
Gold:   251        SH:  0    Dex:  9    Spells: 5/11 levels left

rFire   . . .        a - +0 spear
rCold   . . .        (no shield)
rNeg    . . .        b - +0 leather armour
rPois   +            e - +0 helmet
rElec   .            (no cloak)
rCorr   .            u - +0 pair of gloves
SInv    +            (no barding)
Will    .....        m - amulet of faith
Stlth   +            (no ring)
HPRegen 0.29/turn    (no ring)
MPRegen 0.12/turn

%: faith
@: about to teleport, immotile, very slow
A: AC +2, large, see invisible, deformed body, poison resistance, slowness 2,
spit poison 1, naga tail 1
a: Spit Poison


You were on level 4 of the Dungeon.
You visited 1 branch of the dungeon, and saw 4 of its levels.

You collected 251 gold pieces.

Inventory:

Hand Weapons
 a - a +0 spear (weapon)
Missiles
 g - 5 curare-tipped darts
Armour
 b - a +0 leather armour (worn)
 e - a +0 helmet (worn)
   (You found it on level 1 of the Dungeon)
 u - a +0 pair of gloves (worn)
   (You found it on level 4 of the Dungeon)
Jewellery
 m - an amulet of faith (around neck)
   (You found it on level 2 of the Dungeon)
 s - a ring of magical power
   (You found it on level 3 of the Dungeon)
Wands
 n - a wand of flame (18)
   (You found it on level 3 of the Dungeon)
Scrolls
 c - a scroll of blinking {unknown}
 d - a scroll of vulnerability
 h - a scroll of fog {unknown}
 i - a scroll of magic mapping
 p - a scroll of amnesia {unknown}
Potions
 f - 2 potions of attraction
 j - a potion of mutation {unknown}
 k - a potion of heal wounds {unknown}
 l - a potion of ambrosia {unknown}
 o - a potion of haste {unknown}


   Skills:
 + Level 3.5 Fighting
 - Level 3.0 Polearms
 - Level 1.5 Dodging
 + Level 3.4 Spellcasting
 + Level 4.4 Conjurations
 + Level 1.1 Translocations
 + Level 2.0 Ice Magic


You had 5 spell levels left.
You knew the following spells:

 Your Spells              Type           Power      Damage    Failure   Level
a - Kiss of Death         Conj/Necr      36%        2d8       10%         1
b - Momentum Strike       Conj/Tloc      22%        3d8       11%         2
c - Hailstorm             Conj/Ice       12%        3d5       19%         3

Your spell library contained the following spells:

 Spells                   Type           Power      Damage    Failure   Level
 Dazzling Flash           Conj/Hex       18%        N/A       28%         3
 Volatile Blastmotes      Fire/Tloc      8%         2d10      50%         3
 Iskenderun's Mystic Bla  Conj/Tloc      11%        2d4       58%         4
 Starburst                Conj/Fire      4%         6d4       100%        6


Dungeon Overview and Level Annotations

Branches:
Dungeon (4/15) Zot: 20968
 Temple: D:4-7

Altars:


Innate Abilities, Weirdness & Mutations

Your serpentine skin is tough. (AC +2)
You have supernaturally acute eyesight. (SInv)
Armour fits poorly on your strangely shaped body.
Your system is resistant to poisons. (rPois)
You cover ground very slowly.
You can spit poison.
You have a snake-like lower body.


Message History

The hound barks!
You hear a shout!
You hear an angry hiss.
A ball python comes into view.
You hear a shout!
Found a robe.
There are monsters nearby!
There are monsters nearby!
An orc comes into view. It is wielding a +0 whip.
The orc shouts! x2
The hound stops to sniff the ground.
There is an open door here.
The orc attacks as you move away! The orc closely misses you.
The orc attacks as you move away! The orc hits you with a +0 whip.
Casting: Momentum Strike (safe; 12% risk of failure)
Confirm with . or Enter, or press ? or * to list all spells.
You miscast Hailstorm.
You are very lightly contaminated with residual magic.
Nothing appears to happen.
The orc completely misses you.
Casting: Hailstorm (dangerous; 19% risk of failure)
Confirm with . or Enter, or press ? or * to list all spells.
A cannonade of hail descends around you!
The hail pelts the orc!
You kill the orc!
The hail pelts the ball python!
You kill the ball python!
The hail pelts the hound!
The hound is severely wounded.
The orc closely misses you.
Casting: Hailstorm (dangerous; 19% risk of failure)
Confirm with . or Enter, or press ? or * to list all spells.
A cannonade of hail descends around you!
The hail misses the hound.
The orc hits you with a +0 whip.
Unknown command.
Casting: Hailstorm (dangerous; 19% risk of failure)
Confirm with . or Enter, or press ? or * to list all spells.
Aiming: Momentum Strike (safe; 12% risk of failure)
Press: ? - help, Dir - move target, f - hound
Aim: a hound (severely wounded, 56% to hit)
The concentrated momentum hits the hound!
You kill the hound!
You are unable to move.
The orc drinks a potion.
The orc flickers and vanishes for a moment.
Your Ice Magic skill increases to level 2!
You hit the orc.
The orc is heavily wounded.
The orc barely misses you.
You hit the orc.
The orc is almost dead.
The orc hits you with a +0 whip. The orc hits you but does no damage.
The orc hits you but does no damage.
Your magical contamination has completely faded away.
The orc hits you but does no damage.
You are no longer robbed of momentum.
The orc barely misses you. The orc barely misses you.
A dart slug comes into view.
The orc hits you with a +0 whip. The orc hits you with a +0 whip.
The orc hits you but does no damage. The dart slug launches a dart at you.
The slug dart hits the orc.
The orc dies!
The iguana bites you.
You hit the iguana but do no damage. The iguana bites you.
You closely miss the iguana. The iguana bites you.
You hit the iguana but do no damage. The iguana bites you!
Aiming: Spit Poison (1% risk of failure)
Press: ? - help, Shift-Dir - straight line, f - iguana
Aim: an iguana (65% to hit)
The splash of poison hits the iguana.
The iguana is moderately wounded.
The iguana bites you!
Casting: Momentum Strike (safe; 11% risk of failure)
Confirm with . or Enter, or press ? or * to list all spells.
Aiming: Momentum Strike (safe; 11% risk of failure)
Press: ? - help, Dir - move target, f/p - iguana
Aim: an iguana (moderately wounded, 72% to hit)
The concentrated momentum hits the iguana but does no damage.
The iguana is moderately wounded.
You are unable to move.
The iguana bites you.
You hit the iguana.
The iguana is heavily wounded.
The iguana bites you!
* * * LOW HITPOINT WARNING * * *
Okay, then.
You feel better.
The iguana hisses menacingly.
The iguana barely misses you.
As you read the scroll of teleportation, it crumbles to dust.
You feel strangely unstable.
You have got your breath back.
The iguana bites you!
* * * LOW HITPOINT WARNING * * *
An iguana comes into view.
Unknown command.
The iguana hisses angrily.
You hit the iguana. You punch the iguana, but do no damage.
The iguana is heavily wounded.
The iguana bites you!
You die...

#........... .......
#.........<. .......
#########....##.. .......
#....####....#### #[.....
#...........^....
#......##..†.............
.......#.................
.......#)................
.....†wl@................
#......##########....##..
#...... #########..
#...... #......##..
....... #..........
....... #..........
....... ##....†##..
#....l. #.....####
#.....##..


You could see an iguana and a dart slug.

Vanquished Creatures
  Sigmund (D:3)
  A hound (D:4)
  Terence (D:2)
  An adder (D:3)
  A dart slug (D:2)
  4 orcs
  7 ball pythons
  6 bats
  4 endoplasms
  3 giant cockroaches (D:1)
  5 goblins
  4 hobgoblins
  8 kobolds
  2 frilled lizards (D:2)
  8 rats
56 creatures vanquished.

Vanquished Creatures (others)
  An orc (D:4)
  A plant (D:1)
2 creatures vanquished.

Grand Total: 58 creatures vanquished

Notes
Turn   | Place    | Note
-------+----------+-------------------------------------------
     0 | D:1      | Flugkiller the Naga Reaver began the quest for the Orb.
     0 | D:1      | Reached XP level 1. HP: 19/19 MP: 3/3
   195 | D:1      | Reached XP level 2. HP: 27/27 MP: 5/5
   325 | D:1      | Learned a level 2 spell: Momentum Strike
   966 | D:2      | Reached XP level 3. HP: 34/34 MP: 6/6
  1036 | D:2      | Noticed Terence
  1045 | D:2      | Killed Terence
  1046 | D:2      | Reached skill level 1 in Translocations
  1046 | D:2      | Reached skill level 1 in Ice Magic
  1268 | D:2      | Reached XP level 4. HP: 42/42 MP: 4/7
  1808 | D:3      | Noticed Sigmund
  1821 | D:3      | Killed Sigmund
  1822 | D:3      | Reached skill level 4 in Conjurations
  1822 | D:3      | Reached XP level 5. HP: 24/49 MP: 3/10
  1822 | D:3      | Reached XP level 6. HP: 27/56 MP: 3/11
  1903 | D:3      | Learned a level 3 spell: Hailstorm
  2333 | D:4      | Slain by an iguana

Illustrated notes

Levels and vault maps discovered:
D:1:      giann_wishing_wells, layout_basic, minivault_5,
          chequers_serial_rivers_small_b, dreamdust_princess_bridge,
          minmay_shallow_snake_nest
D:2:      layout_basic, uniq_terence
D:3:      layout_loops_ring, uniq_sigmund
D:4:      layout_gridville

Skill      XL: |  1  2  3  4  5  6 |
---------------+-------------------+-----
Fighting       | 3 |  3.5
Translocations | 1 |  1.1
Ice Magic      | 1 2 |  2.0
Spellcasting   | 3 |  3.4
Conjurations   | 4 |  4.4
Polearms       | |  3.0
Dodging        | |  1.5

Action                     |  1- 3 |  4- 6 || total
---------------------------+-------+-------++-------
  Melee: Spear             |    85 |   109 ||   194
         Punch             |       |     2 ||     2
   Cast: Momentum Strike   |     3 |     9 ||    12
         Hailstorm         |       |     2 ||     2
Ability: Spit Poison       |     1 |     2 ||     3
    Use: Scroll            |       |     5 ||     5
         Potion            |       |     2 ||     2
   Stab: Sleeping          |     1 |       ||     1
 Armour: Leather armour    |    20 |    35 ||    55
  Dodge: Dodged            |    36 |    52 ||    88
